 Dungeon Crawl Stone Soup version 0.26.0-16-gc1dbca0489 (webtiles) character file.

Game seed: 14956390795290580312

169 tymek70 the Skirmisher (level 5, 0/48 HPs)
             Began as a Minotaur Abyssal Knight on Jan 21, 2021.
             Was a Believer of Lugonu.
             Slain by Grinder (5 damage)
             ... on level 3 of the Dungeon.
             The game lasted 00:02:30 (2192 turns).

tymek70 the Skirmisher (Minotaur Abyssal Knight)    Turns: 2192, Time: 00:02:30

Health: 0/48       AC:  5    Str: 17    XL:     5   Next: 25%
Magic:  5/5        EV: 11    Int:  9    God:    Lugonu [**....]
Gold:   85         SH:  0    Dex: 10    Spells: 4/4 levels left

rFire    . . .     SeeInvis .   a - +1 spear
rCold    . . .     Faith    .   (no shield)
rNeg     . . .     Spirit   .   n - +0 ring mail
rPois    .         Reflect  .   (helmet restricted)
rElec    .         Harm     .   (no cloak)
rCorr    .         Rampage  .   (no gloves)
Will     .....                  (no boots)
Stlth    +.........             (no amulet)
HPRegen  0.16/turn              (no ring)
MPRegen  0.09/turn              (no ring)

@: no status effects
A: retaliatory headbutt, horns 2
a: Renounce Religion, Depart the Abyss, Bend Space


You were on level 3 of the Dungeon.
You worshipped Lugonu.
Lugonu was pleased with you.
You visited 1 branch of the dungeon, and saw 3 of its levels.
You visited the Abyss 1 time.

You collected 85 gold pieces.

Inventory:

Hand Weapons
 a - a +1 spear (weapon)
Armour
 n - a +0 ring mail (worn)
Jewellery
 k - a +6 ring of dexterity {unknown}
 m - a cursed ring of teleportation {unknown}
Scrolls
 b - 2 scrolls of magic mapping {unknown}
 c - 2 scrolls of teleportation {unknown}
 f - 2 scrolls of random uselessness {unknown}
 g - a scroll of enchant weapon {unknown}
 h - a scroll of noise {unknown}
 i - 2 scrolls of identify {unknown}
 l - 2 scrolls of blinking {unknown}
Potions
 d - a potion of flight {unknown}
 e - a potion of attraction {unknown}
 j - a potion of cancellation {unknown}
 o - a potion of brilliance {unknown}


   Skills:
 + Level 5.3 Fighting
 + Level 4.4 Polearms
 + Level 3.1 Armour
 + Level 1.9 Dodging
 + Level 0.3 Stealth
 + Level 1.9 Invocations


You had 4 spell levels left.
You didn't know any spells.
Your spell library contained the following spells:

 Spells                   Type           Power        Failure   Level
 Corona                   Hex            0%           58%         1
 Magic Dart               Conj           0%           58%         1
 Blink                    Tloc           N/A          73%         2
 Call Imp                 Summ           0%           73%         2
 Ensorcelled Hibernation  Hex/Ice        0%           73%         2
 Slow                     Hex            0%           73%         2
 Confusing Touch          Hex            0%           91%         3
 Conjure Flame            Conj/Fire      0%           91%         3
 Dazzling Flash           Conj/Hex       0%           91%         3
 Mephitic Cloud           Conj/Pois/Air  0%           91%         3
 Tukima's Dance           Hex            0%           91%         3


Dungeon Overview and Level Annotations

Branches:
Dungeon (3/15)

Altars:

Annotations:
D:3 Grinder


Innate Abilities, Weirdness & Mutations

You reflexively headbutt those who attack you in melee.
You have a pair of horns on your head.


Message History

Unknown command.
You are too injured to fight recklessly!
Grinder is nearby!
Unknown command.
Grinder is nearby!
Found a hunting sling.
You see here a quokka corpse.
Your ring mail prevents you from hitting Grinder.
Your headbutt misses Grinder.
Grinder is lightly wounded.
Grinder hits you!
* * * LOW HITPOINT WARNING * * *
You writhe in agony.
* * * LOW HITPOINT WARNING * * *
You hit Grinder but do no damage. You headbutt Grinder!
Grinder is moderately wounded.
Grinder hits you.
* * * LOW HITPOINT WARNING * * *
You writhe in agony.
You die...

##.###†..######.#
##.###.### #.# .......#
#.#
#..##.##.######.########
#..##.# ........#.......
....... .#######........
#.###.## ####.†.##...
#.# #.# #...†).# #.# #.#
#.##@5.# ### ... #
#........ #........
##..#.##) ....# ..###
... ....


You could see Grinder.

Vanquished Creatures
  A scorpion (D:2)
  3 adders (D:2)
  An ooze (D:1)
  2 worms (D:2)
  4 dart slugs
  2 leopard geckos (D:3)
  5 orcs (D:3)
  7 bats
  4 giant cockroaches
  6 goblins
  5 hobgoblins
  5 quokkas
  13 frilled lizards
  2 kobolds
  6 rats
66 creatures vanquished.

Vanquished Creatures (others)
  7 plants (D:3)
7 creatures vanquished.

Grand Total: 73 creatures vanquished

Notes
Turn   | Place    | Note
-------+----------+-------------------------------------------
     0 | Abyss:1  | tymek70 the Minotaur Abyssal Knight began the quest for the
                  | Orb.
     0 | Abyss:1  | Reached XP level 1. HP: 19/19 MP: 1/1
    91 | Abyss:1  | Noticed a green death
    95 | D:1      | Escaped the Abyss
   304 | D:1      | Reached XP level 2. HP: 24/27 MP: 2/2
   363 | D:1      | Reached skill level 4 in Fighting
   904 | D:2      | Reached XP level 3. HP: 28/34 MP: 3/3
  1085 | D:2      | Found a faded altar of an unknown god.
  1124 | D:2      | Reached ** piety under Lugonu
  1287 | D:2      | Reached XP level 4. HP: 29/41 MP: 4/4
  1401 | D:2      | Reached skill level 5 in Fighting
  1970 | D:3      | Reached XP level 5. HP: 48/48 MP: 5/5
  2166 | D:3      | Noticed Grinder
  2192 | D:3      | Slain by Grinder

Illustrated notes

Levels and vault maps discovered:
D:1:      heliophobic_arrival_glass_houses, layout_basic,
          minmay_misc_feat_nine_boxes
D:2:      minmay_diamond_boxcup, layout_basic, chequers_ecumenical_altar_grove
D:3:      layout_loops_cross, makhleb_heckhound_becter, minmay_lizard_king,
          uniq_sigmund, uniq_ijyb, uniq_grinder

Skill      XL: |  1  2  3  4 |
---------------+-------------+-----
Fighting       | 4 5 |  5.3
Polearms       | 3 4 |  4.4
Armour         | 3 |  3.1
Dodging        | |  1.9
Stealth        | |  0.3
Invocations    | |  1.9

Action                   |  1- 3 |  4- 6 || total
-------------------------+-------+-------++-------
Melee: Spear             |    80 |    90 ||   170
       Headbutt          |    12 |    12 ||    24
Armor: Leather armour    |     6 |     5 ||    11
       Ring mail         |       |    20 ||    20
Dodge: Dodged            |    30 |    41 ||    71
